 Dungeon Crawl Stone Soup version 0.21-a0-94-gdd6ab6a (webtiles) character file.

86 Ordine the Magician (level 4, -4/24 HPs)
             Began as a Deep Elf Wizard on July 3, 2017.
             Slain by Serafim's ghost (16 damage)
             ... on level 3 of the Dungeon.
             The game lasted 00:05:43 (2398 turns).

Ordine the Magician (Deep Elf Wizard)               Turns: 2398, Time: 00:05:44

Health: -4/24      AC:  2    Str:  4    XL:     4   Next: 26%
Magic:  4/13       EV: 13    Int: 26    God:
Gold:   168        SH:  0    Dex: 13    Spells: 4/13 levels left

rFire    . . .     SeeInvis .   e - +0 short sword
rCold    . . .     Gourm    .   (no shield)
rNeg     . . .     Faith    .   a - +0 robe
rPois    +         Spirit   .   b - +1 hat
rElec    .         Reflect  .   (no cloak)
rCorr    .         Harm     .   (no gloves)
MR       .....                  (no boots)
Stlth    ++........             (no amulet)
HPRegen  0.08/turn              (no ring)
MPRegen  0.13/turn              (no ring)

@: very slightly contaminated
A: clever 1, deformed body, deterioration 1, poison resistance
a: no special abilities


You were on level 3 of the Dungeon.
You were not hungry.

You visited 1 branch of the dungeon, and saw 3 of its levels.

You collected 168 gold pieces.

Inventory:

Hand Weapons
 e - a +0 short sword (weapon)
Armour
 a - a +0 robe (worn)
 b - a +1 hat (worn)
 l - a +0 buckler
Scrolls
 i - a scroll of teleportation
 p - a scroll of identify
Potions
 g - a potion of heal wounds
 j - a potion of brilliance
 k - a potion of ambrosia {unknown}
 n - a potion of agility {unknown}
Books
 c - a book of Minor Magic

   Spells                             Type                      Level
   a - Magic Dart                     Conjuration                  1
   b - Blink                          Translocation                2
   c - Call Imp                       Summoning                    2
   d - Slow                           Hexes                        2
   e - Conjure Flame                  Conjuration/Fire             3
   f - Mephitic Cloud                 Conjuration/Poison/Air       3
Comestibles
 d - 2 bread rations
 h - 3 meat rations
 m - 7 fruits
 o - 4 chunks of flesh


   Skills:
 - Level 2.4 Dodging
 + Level 3.3 Stealth
 + Level 5.0 Spellcasting
 * Level 3.0 Conjurations
   Level 1.1 Summonings
 + Level 2.2 Translocations


You had 4 spell levels left.
You knew the following spells:

 Your Spells              Type           Power        Failure   Level  Hunger
a - Magic Dart            Conj           ###.         2%          1    None
b - Blink                 Tloc           N/A          4%          2    None
c - Conjure Flame         Conj/Fire      ##......     12%         3    #......
d - Mephitic Cloud        Conj/Pois/Air  ##......     16%         3    #......


Dungeon Overview and Level Annotations

Branches:
Dungeon (3/15)

Altars:

Annotations:
D:3 Serafim's ghost, amateur MiFi


Innate Abilities, Weirdness & Mutations

Your mind is acute. (Int +2)
Armour fits poorly on your strangely shaped body.
Your body sometimes deteriorates upon taking damage.
Your system is resistant to poisons. (rPois)


Message History

Casting: Magic Dart
Confirm with . or Enter, or press ? or * to list all spells.
Aiming: Magic Dart
Press: ? - help, Shift-Dir - straight line, f/p - Serafim's ghost
Aim: Serafim's ghost (moderately damaged)
The magic dart hits Serafim's ghost.
Serafim's ghost is moderately damaged.
Serafim's ghost hits you!
Casting: Magic Dart
Confirm with . or Enter, or press ? or * to list all spells.
You miscast Blink.
You are very lightly contaminated with residual magic.
You catch a glimpse of the back of your own head.
Serafim's ghost hits you.
It was a potion of mutation.
You feel extremely strange.
You feel clever.
Your body twists and deforms.
You feel yourself wasting away.
You feel resistant to poisons. Serafim's ghost hits you!
Ouch! That really hurt!
You die...

#.# *****,** *,****,,,,* #.# #.#
*,,,,,,,,,* #.#
#####.####******,*** #.#
#.....:..# *,* ** #.# #.#.#..#.#
**+** *, #.# #.#.#..#.# **,,,**
*, #.# #........# **,,,,,***,
##.#### #.#......# **,,,,,,,**,
......#####.#...@W.#**,,,,,,,,,*,
...................§.'..,,,,,,,',
#...#.#####........###..,********
##.##.# #.##.#).## **,,*,*,*,**
......# #.##.##.# ****≈≈≈≈≈≈*
##.#### #.....,.# *_,,,,,,' #.#
####.#### **≈≈≈≈≈≈* #.* #.#
**,*,*,* *,* *,* ********


You could see Serafim's ghost.

Vanquished Creatures
  An adder (D:3)
  3 oozes
  2 worms
  3 dart slugs
  A leopard gecko (D:3)
  A giant cockroach (D:1)
  2 goblins (D:1)
  7 hobgoblins
  10 jackals
  4 kobolds
  5 bats
  3 frilled lizards (D:2)
  A jackal skeleton (D:3)
  8 rats
51 creatures vanquished.

Notes
Turn   | Place    | Note
-------+----------+-------------------------------------------
     0 | D:1      | Ordine the Deep Elf Wizard began the quest for the Orb.
     0 | D:1      | Reached XP level 1. HP: 10/10 MP: 7/7
     0 | D:1      | Noticed a minotaur skeleton
     2 | D:1      | Noticed a minotaur skeleton
    17 | D:1      | Noticed a minotaur skeleton
   220 | D:1      | Reached XP level 2. HP: 15/15 MP: 6/9
   224 | D:1      | Learned a level 2 spell: Blink
   926 | D:2      | Reached XP level 3. HP: 19/19 MP: 2/11
  1886 | D:3      | Reached skill level 5 in Spellcasting
  1891 | D:3      | Learned a level 3 spell: Conjure Flame
  1895 | D:3      | Learned a level 3 spell: Mephitic Cloud
  2175 | D:3      | Reached XP level 4. HP: 24/24 MP: 8/13
  2390 | D:3      | Noticed Serafim's ghost (amateur MiFi)
  2398 | D:3      | Gained mutation: Your mind is acute. (Int +2) [potion of mutation]
  2398 | D:3      | Gained mutation: Armour fits poorly on your strangely shaped body. [potion of mutation]
  2398 | D:3      | Gained mutation: Your body sometimes deteriorates upon taking damage. [potion of mutation]
  2398 | D:3      | Gained mutation: Your system is resistant to poisons. (rPois) [potion of mutation]
  2398 | D:3      | Slain by Serafim's ghost

Vault maps used:
D:1:      shiori_arrival_whats_in_store_for_you
D:2:      first_bread
D:3:      okawaru_altar_gauntlet_db

Skill      XL: |  1  2  3  4 |
---------------+-------------+-----
Conjurations   | 2 3 |  3.0
Stealth        | 3 |  3.3
Spellcasting   | 5 |  5.0
Translocations | 2 |  2.2
Dodging        | |  2.4
Summonings     | |  1.1

Action                   |  1- 3 |  4- 6 || total
-------------------------+-------+-------++-------
Melee: Unarmed           |     5 |       ||     5
       Short sword       |     3 |       ||     3
 Cast: Magic Dart        |   112 |    15 ||   127
       Conjure Flame     |       |     1 ||     1
  Use: Scroll            |     6 |     1 ||     7
       Potion            |       |     1 ||     1
  Eat: Chunk             |     2 |     2 ||     4
Armor: Robe              |     2 |       ||     2
Dodge: Dodged            |    10 |       ||    10
